Map: Old Republic LE

Players

meristicks - Winner!

  • Race: Protoss Protoss
  • League: Diamond
  • Spawn Location: 1:00

HoldTheDoor

  • Race: Protoss Protoss
  • League: Diamond
  • Spawn Location: 7:00

VOD

Have the link to the VOD?

Description

Time

  • Played on: May 12, 2026, 11:38 a.m.
  • Length: 7:44
Show
View Real Time Build Order
Export as new Build Order

meristicks Protoss - Winner!

Build Orders: 1 Gate Expand 

Get SALT Encoding   

  12  0:00  Probe  
  13  0:12  Probe  
  14  0:17  Pylon  
  14  0:24  Probe  
  15  0:33  Probe  
  15  0:35  Gateway  
  15  0:41  Probe  
  16  0:46  Assimilator  
  17  0:51  Probe  
  18  1:04  Probe  
  19  1:16  Probe  
  20  1:26  Nexus  
  20  1:35  Cybernetics Core  
  20  1:39  Probe  
  21  1:45  Pylon  
  21  1:52  Zealot  
  23  2:11  Robotics Facility  
  23  2:14  Warp Gate  
  23  2:20  Stalker  
  23  2:25  Shield Battery  
  23  2:26  Probe  
  26  2:40  Probe  
  26  2:42  Gateway  
  27  2:57  Assimilator  
  27  3:03  Immortal  
  27  3:04  Probe x2  
  33  3:16  Probe x2  
  35  3:28  Probe  
  35  3:29  Probe  
  39  3:40  Probe  
  39  3:41  Probe  
  39  3:47  Pylon  
  39  3:52  Gateway  
  39  3:53  Probe x2  
  39  3:54  Pylon  
  41  3:56  Shield Battery  
  41  4:05  Probe x2  
  41  4:09  Sentry x2  
  47  4:17  Probe x2  
  47  4:20  Gateway  
  47  4:21  Gateway  
  49  4:24  Gateway  
  49  4:29  Probe  
  50  4:36  Stalker  
  52  4:40  Immortal  
  52  4:44  Stalker  
  58  5:11  Pylon  
  58  5:16  Pylon  
  54  5:22  Pylon  
  49  5:31  Stalker x2  
  53  5:41  Immortal  
  53  5:42  Stalker x3  
  52  5:43  Stalker  
  53  6:01  Stalker  
  53  6:02  Stalker  
  48  6:12  Immortal  
  48  6:15  Probe x2  
  50  6:23  Gateway  
  54  6:34  Shield Battery  
  54  6:37  Stalker x2  
  58  6:41  Assimilator  
  58  6:42  Probe x2  
  58  6:47  Shield Battery  
  60  6:51  Stalker  
  61  6:54  Probe x2  
  39  7:18  Zealot x3  
  39  7:19  Zealot x2  
Show
View Real Time Build Order
Export as new Build Order

HoldTheDoor Protoss 

Build Orders:  

Get SALT Encoding   

  12  0:00  Probe  
  13  0:12  Probe  
  14  0:17  Pylon  
  14  0:23  Probe  
  15  0:31  Probe  
  15  0:39  Gateway  
  15  0:40  Probe  
  16  0:49  Assimilator  
  17  0:50  Probe  
  18  0:59  Assimilator  
  18  1:04  Assimilator  
  18  1:11  Probe  
  19  1:17  Gateway  
  19  1:23  Probe  
  20  1:33  Cybernetics Core  
  20  1:39  Probe  
  21  1:48  Pylon  
  21  1:51  Probe  
  22  2:01  Warp Gate  
  22  2:03  Probe  
  22  2:06  Stalker x2  
  27  2:15  Probe  
  27  2:21  Pylon  
  28  2:36  Sentry, Stalker  
  32  2:45  Probe  
  33  2:57  Probe  
  34  3:02  Robotics Facility  
  34  3:03  Gateway  
  34  3:35  Pylon  
  34  3:37  Immortal  
  34  3:47  Shield Battery  
  34  3:53  Stalker  
  34  3:54  Stalker  
  42  4:03  Stalker  
  42  4:05  Pylon  
  44  4:19  Immortal  
  48  4:29  Stalker  
  48  4:30  Stalker  
  52  4:32  Stalker  
  54  4:42  Shield Battery  
  38  5:07  Stalker x3  
  42  5:31  Gateway  
  42  5:32  Sentry x2  
  42  5:34  Zealot  
  48  5:58  Immortal  
  38  6:05  Stalker  
  44  6:12  Stalker x2  
  48  6:21  Shield Battery  
  48  6:30  Adept  
  48  6:31  Adept  
  52  6:35  Adept  
  54  6:40  Pylon  
  48  7:03  Stalker x2  
  48  7:04  Stalker x2  
  50  7:31  Stalker  
  50  7:33  Zealot  
Tags
 
Matchup
PvP
Replay Pack
SC2Mai2026
Spawn Locations
Cross Positions
Add a new tag
Caveats
  • Supply blocks, unpowered buildings, or Contaminate may cause inaccurate times.
  • Supply counts are checked every 10 seconds.